 Dungeon Crawl Stone Soup version 0.26.0-10-g1f06aea511 (webtiles) character file.

Game seed: 2227507137601187890

42 Borgoz the Slasher (level 3, -1/30 HPs)
             Began as a Ghoul Gladiator on Jan 15, 2021.
             Slain by Sigmund
             ... wielding a +0 scythe
              (2 damage)
             ... on level 2 of the Dungeon.
             The game lasted 00:01:53 (1732 turns).

Borgoz the Slasher (Ghoul Gladiator)                Turns: 1732, Time: 00:01:54

Health: -1/30      AC:  6    Str: 17    XL:     3   Next: 54%
Magic:  2/2        EV: 11    Int:  3    God:
Gold:   116        SH:  0    Dex: 11    Spells: 2/2 levels left

rFire    . . .     SeeInvis .   a - +0 long sword
rCold    + . .     Faith    .   (no shield)
rNeg     + + +     Spirit   .   i - +0 ring mail
rPois    ∞         Reflect  .   c - +0 helmet
rElec    .         Harm     .   (no cloak)
rCorr    .         Rampage  .   (no gloves)
Will     .....                  (no boots)
Stlth    +.........             h - amulet of inaccuracy
HPRegen  0.00/turn              (no ring)
MPRegen  0.08/turn              (no ring)

@: mighty
A: claws 1, cold resistance 1, negative energy resistance 3, inhibited
regeneration, torment resistance, unbreathing
a: no special abilities


You were on level 2 of the Dungeon.
You visited 1 branch of the dungeon, and saw 3 of its levels.

You collected 116 gold pieces.

Inventory:

Hand Weapons
 a - a +0 long sword (weapon)
Missiles
 d - 3 throwing nets (quivered)
Armour
 c - a +0 helmet (worn)
 i - a +0 ring mail (worn)
Jewellery
 h - an amulet of inaccuracy (around neck)
Scrolls
 e - a scroll of enchant weapon {unknown}


   Skills:
 + Level 2.5 Fighting
 * Level 3.2 Long Blades
 - Level 1.7 Throwing
 * Level 1.4 Armour
 + Level 3.0 Dodging


You had 2 spell levels left.
You didn't know any spells.
Your spell library was empty.

Dungeon Overview and Level Annotations

Branches:
Dungeon (3/15)

Altars:

Annotations:
D:2 Jessica, Sigmund


Innate Abilities, Weirdness & Mutations

You thrive by killing the living.
You are immune to poison.
You have sharp fingernails.
Your flesh is cold resistant. (rC+)
You are immune to negative energy. (rN+++)
You do not regenerate when monsters are visible.
You are immune to unholy pain and torment.
You can survive without breathing.


Message History

Jessica closely misses you.
You feel less confused. Something hits you.
Jessica hits you but does no damage. Jessica hits you. Something hits you.
You miss Jessica.
Jessica mumbles something strange.
Jessica hits you.
* * * LOW HITPOINT WARNING * * *
You closely miss Jessica. Something hits you!
* * * LOW HITPOINT WARNING * * *
Jessica hits you but does no damage.
Jessica gestures wildly.
Jessica hits you but does no damage.
You miss Jessica. Jessica closely misses you.
Unknown command.
You aren't carrying any potions.
As you read the scroll labelled JIEGOE HIUGAXY, it crumbles to dust.
You feel as if something is helping you.
It was a scroll of remove curse.
Something hits you.
You die...

##.. #.# #... #... ##..#
#(#g# #......#...######
.. #...#.#.###)....##
###...#...#(..#†........
....#.....###†#....#####
#...###....#..##.#
#...@@.#.######.#
########.# #.# ........#
#.# ######### #.# #.#
#.# #.# #.# ####.#


You could see Jessica.

Vanquished Creatures
  A shadow imp (D:2)
  A worm (D:2)
  A dart slug (D:2)
  8 bats
  A giant cockroach (D:2)
  5 goblins
  4 hobgoblins
  A frilled lizard (D:1)
  7 rats
29 creatures vanquished.

Notes
Turn   | Place    | Note
-------+----------+-------------------------------------------
     0 | D:1      | Borgoz the Ghoul Gladiator began the quest for the Orb.
     0 | D:1      | Reached XP level 1. HP: 17/17 MP: 0/0
   113 | D:1      | You fall into a shaft and drop 1 floor!
   135 | D:2      | Reached XP level 2. HP: 25/25 MP: 1/1
   641 | D:1      | Reached skill level 1 in Armour
   983 | D:2      | You fall into a shaft and drop 1 floor!
  1008 | D:3      | Reached XP level 3. HP: 30/30 MP: 2/2
  1709 | D:2      | Noticed Sigmund
  1719 | D:2      | Noticed Jessica
  1729 | D:2      | HP: 1/30 [something (7)]
  1732 | D:2      | Slain by Sigmund

Illustrated notes

Levels and vault maps discovered:
D:1:      kennysheep_arrival_seaside, layout_loops_ring, due_unseen_surprise
D:2:      layout_loops_ring, minmay_pentomino_v4, uniq_jessica, uniq_sigmund
D:3:      layout_basic, dk_noncrumbling_2

Skill      XL: |  1  2  3 |
---------------+----------+-----
Long Blades    | 3 |  3.2
Armour         | 1 |  1.4
Dodging        | 3 |  3.0
Fighting       | |  2.5
Throwing       | |  1.7

Action                   || total
-------------------------++-------
Melee: Long sword        ||   109
  Use: Scroll            ||     6
       Potion            ||     1
Armor: Ring mail         ||    49
       Leather armour    ||     2
Dodge: Dodged            ||    90
       Rpst.: Long sword ||    26
